 Dungeon Crawl Stone Soup version 0.23.2-11-gf996548c65 (webtiles) character file.

Game seed: 15666076641703675634

1720 Kobolds4U the Carver (level 8, -4/73 HPs)
             Began as a Purple Draconian Berserker on June 3, 2019.
             Was an Elder of Trog.
             Killed from afar by a deep elf mage (31 damage)
             ... with a bolt of lightning
             ... on level 7 of the Dungeon.
             The game lasted 00:14:27 (7363 turns).

Kobolds4U the Carver (Purple Draconian Berserker)   Turns: 7363, Time: 00:14:27

Health: -4/73      AC: 12    Str: 19    XL:     8   Next: 75%
Magic:  8/8        EV: 13    Int:  9    God:    Trog [****..]
Gold:   42         SH:  6    Dex: 12    Spells: 7/7 levels left

rFire    . . .     SeeInvis .   a - +0 falchion
rCold    . . .     Gourm    .   (no shield)
rNeg     . . .     Faith    .   (armour unavailable)
rPois    .         Spirit   .   (helmet restricted)
rElec    .         Reflect  +   j - +0 cloak
rCorr    .         Harm     .   c - +2 pair of gloves
MR       ++++.                  p - +1 pair of boots
Stlth    +.........             q - +6 amulet of reflection
HPRegen  1.22/turn              r - ring of protection from magic
MPRegen  0.11/turn              (no ring)

@: berserk cooldown, regenerating, slowed, very slow
A: breathe power, unfitting armour, cold-blooded, AC +6
a: Breathe Dispelling Energy, Berserk, Trog's Hand, Brothers in Arms, Renounce
Religion


You were on level 7 of the Dungeon.
You worshipped Trog.
Trog was greatly pleased with you.
You were very hungry.

You visited 2 branches of the dungeon, and saw 8 of its levels.

You collected 438 gold pieces.
You spent 396 gold pieces at shops.

Inventory:

Hand Weapons
 a - a +0 falchion (weapon)
Missiles
 o - 19 arrows
 t - 41 bolts
Armour
 c - a +2 pair of gloves (worn)
 j - a +0 cloak (worn)
 p - a +1 pair of boots (worn)
 y - a +2 shield
Jewellery
 q - a +6 amulet of reflection (around neck)
 r - a ring of protection from magic (left hand)
Wands
 C - a wand of random effects (9)
Scrolls
 d - 6 scrolls of identify
 f - 4 scrolls of teleportation
 h - 6 scrolls of magic mapping
 k - 3 scrolls of enchant armour {unknown}
 l - 2 scrolls of enchant weapon {unknown}
 m - 2 scrolls of remove curse
 x - a scroll of fear {unknown}
Potions
 e - a potion of brilliance {unknown}
 g - 2 potions of heal wounds
 i - 2 potions of lignification
 n - 2 potions of degeneration {unknown}
 s - 2 potions of resistance {unknown}
 u - a potion of haste {unknown}
 v - 2 potions of magic
 w - a potion of invisibility {unknown}
 z - 4 potions of agility
 A - a potion of might {unknown}
Comestibles
 b - 5 rations
 B - a chunk of flesh


   Skills:
 - Level 7.3 Fighting
 + Level 9.3 Long Blades
 - Level 2.6 Dodging
 + Level 3.4 Shields


You had 7 spell levels left.
You didn't know any spells.
Your spell library was empty.

Dungeon Overview and Level Annotations

Branches:
Dungeon (7/15)             Temple (1/1) D:4

Altars:
Ashenzari
Cheibriados
Dithmenos
Elyvilon
Fedhas
Gozag
Hepliaklqana
Kikubaaqudgha
Makhleb
Nemelex Xobeh
Okawaru
Qazlal
Ru
Sif Muna
Trog
Uskayaw
Vehumet
Wu Jian
Xom
Yredelemnul
Zin
The Shining One

Shops:
D:4 [


Innate Abilities, Weirdness & Mutations

You can breathe bolts of dispelling energy.
Your rich purple scales are hard. (AC +6)
You cannot fit into any form of body armour.
You are cold-blooded and may be slowed by cold attacks.


Message History

The deep elf mage is lightly wounded.
You are no longer berserk.
Trog's vigour flows through your veins.
You are exhausted.
You feel yourself slow down. The deep elf mage barely misses you.
You closely miss the deep elf mage.
The deep elf mage is lightly wounded.
You block the deep elf mage's attack.
You miss the deep elf mage.
The deep elf mage is lightly wounded.
The deep elf mage gestures at you while chanting.
The bolt of lightning hits you!!!
You closely miss the deep elf mage. You tail-slap the deep elf mage.
The deep elf mage is moderately wounded.
You block the deep elf mage's attack.
You barely miss the deep elf mage. You tail-slap the deep elf mage.
The deep elf mage is moderately wounded.
The deep elf mage gestures at you while chanting.
The bolt of lightning hits you!!
You die...

#.. ###. #.# ... #.# #.#
# #.# ###.# .# #.# #...#
#'## #.# #.#.# ##...##
#)###.#.# ##.....##
#(<)((..## ##......[#
#####@...####((.......
........e.....'ยง........
.###.###...####.(.......
# #..## ##..(....# #.##
##.....## ...# ##...##
#.### ##'## #. #(### #
########...#


You could see a deep elf mage.

Vanquished Creatures
  A basilisk (D:7)
  An ice beast (D:7)
  An ogre (D:7)
  A centaur (D:7)
  3 bullfrogs (D:6)
  A scorpion (D:6)
  4 killer bees
  A howler monkey (D:6)
  A crimson imp (D:5)
  A quasit (D:6)
  3 hounds (D:7)
  4 orc priests
  8 orc wizards
  An iguana (D:6)
  Natasha (twice) (D:2)
  2 worker ants (D:4)
  Terence (D:2)
  A hound skeleton (D:5)
  Robin (D:2)
  A howler monkey skeleton (D:5)
  A gnoll (D:1)
  6 adders
  A shadow imp (D:7)
  2 oozes
  2 worms
  2 dart slugs
  4 leopard geckos
  10 orcs
  4 giant cockroaches
  10 hobgoblins
  5 jackals
  7 quokkas
  A ball python (D:1)
  7 bats
  8 frilled lizards
  15 goblins
  A jackal skeleton (D:6)
  10 kobolds
  A quokka skeleton (D:4)
  13 rats
149 creatures vanquished.

Notes
Turn   | Place    | Note
-------+----------+-------------------------------------------
     0 | D:1      | Kobolds4U the Draconian Berserker began the quest for the
                  | Orb.
     0 | D:1      | Reached XP level 1. HP: 19/19 MP: 1/1
   484 | D:1      | Reached XP level 2. HP: 25/26 MP: 2/2
   502 | D:1      | Reached skill level 4 in Long Blades
   830 | D:1      | Reached XP level 3. HP: 28/31 MP: 3/3
   923 | D:1      | Reached ** piety under Trog
  1918 | D:2      | Reached XP level 4. HP: 34/38 MP: 4/4
  1994 | D:2      | Reached skill level 5 in Long Blades
  1994 | D:2      | Noticed Robin
  1999 | D:2      | Noticed Terence
  2001 | D:2      | Killed Robin
  2048 | D:2      | Killed Terence
  2313 | D:2      | Noticed Natasha
  2333 | D:2      | Killed Natasha
  2333 | D:2      | Reached XP level 5. HP: 10/45 MP: 5/5
  2590 | D:2      | Noticed Natasha
  2600 | D:2      | Killed Natasha
  2600 | D:2      | Reached skill level 6 in Long Blades
  2851 | D:3      | Reached *** piety under Trog
  3031 | D:3      | Reached XP level 6. HP: 52/52 MP: 6/6
  3806 | D:4      | Found a staircase to the Ecumenical Temple.
  3823 | Temple   | Entered the Ecumenical Temple
  4306 | D:4      | Found Nearheill's Armour Shop.
  4567 | D:4      | Reached skill level 5 in Fighting
  4567 | D:4      | Reached skill level 7 in Long Blades
  4641 | D:5      | Entered Level 5 of the Dungeon
  4913 | D:5      | Your scales start taking on a rich purple colour.
  4913 | D:5      | Reached XP level 7. HP: 61/61 MP: 7/7
  4972 | D:5      | Reached **** piety under Trog
  5280 | D:5      | Found a hazy altar of Hepliaklqana.
  6176 | D:6      | Reached skill level 8 in Long Blades
  6299 | D:6      | Reached XP level 8. HP: 71/71 MP: 8/8
  7020 | D:4      | Bought a +2 pair of gloves for 198 gold pieces
  7020 | D:4      | Bought a +2 shield for 198 gold pieces
  7157 | D:7      | Reached skill level 1 in Shields
  7168 | D:7      | Identified the +10 short sword of Midsummer {antimagic,
                  | rN+}
  7168 | D:7      | Identified the +5 leather armour of Protective Custody
                  | {rPois Slay+2}
  7168 | D:7      | Noticed a deep elf mage
  7186 | D:7      | Reached skill level 9 in Long Blades
  7363 | D:7      | Killed from afar by a deep elf mage

Skill      XL: |  1  2  3  4  5  6  7  8 |
---------------+-------------------------+-----
Long Blades    | 4 5 6 7 8 9 |  9.3
Fighting       | 4 5 6 7 |  7.3
Shields        | 3 |  3.4
Dodging        | |  2.6

Action                   |  1- 3 |  4- 6 |  7- 9 || total
-------------------------+-------+-------+-------++-------
Melee: Falchion          |   111 |   251 |   214 ||   576
       Tailslap          |    12 |    36 |    32 ||    80
Invok: Trog's Hand       |       |     3 |     5 ||     8
       Berserk           |       |     3 |     4 ||     7
  Use: Potion            |       |     2 |     2 ||     4
       Scroll            |       |       |     6 ||     6
 Stab: Sleeping          |     1 |     2 |     1 ||     4
  Eat: Chunk             |     3 |    10 |     6 ||    19
       Ration            |       |     1 |     2 ||     3
Armor: Skin              |    32 |    76 |    72 ||   180
Dodge: Dodged            |    81 |   142 |   137 ||   360
Block: Other             |       |    14 |    71 ||    85
       Reflection        |       |       |     2 ||     2
       Rpst.: Falchion   |    27 |    41 |    38 ||   106
